 Dungeon Crawl Stone Soup version 0.26.0-5-gb5863c6483 (webtiles) character file.

Game seed: 17641338291887445002

94 Mattiprrivan the Conjurer (level 4, 0/32 HPs)
             Began as a Merfolk Conjurer on Jan 9, 2021.
             Was an Initiate of Qazlal.
             Succumbed to a kobold's poison
             ... on level 2 of the Dungeon on Jan 10, 2021.
             The game lasted 00:28:09 (2271 turns).

Mattiprrivan the Conjurer (Merfolk Conjurer)        Turns: 2271, Time: 00:28:10

Health: 0/32       AC:  3    Str:  8    XL:     4   Next: 63%
Magic:  7/7        EV: 12    Int: 17    God:    Qazlal [......]
Gold:   115        SH:  5    Dex: 12    Spells: 0/7 levels left

rFire    . . .     SeeInvis .   h - +2 dagger (venom)
rCold    . . .     Faith    .   (no shield)
rNeg     + . .     Spirit   .   m - +0 leather armour
rPois    .         Reflect  +   (no helmet)
rElec    .         Harm     .   (no cloak)
rCorr    .         Rampage  .   (no gloves)
Will     .....                  (no boots)
Stlth    ++........             l - amulet of reflection
HPRegen  0.10/turn              i - ring of positive energy
MPRegen  0.10/turn              (no ring)

@: lethally poisoned (0 -> -2)
A: change form in water, swift swim, stealthy swim
a: Renounce Religion


You were on level 2 of the Dungeon.
You worshipped Qazlal.
Qazlal was noncommittal.
You visited 1 branch of the dungeon, and saw 3 of its levels.

You collected 115 gold pieces.

Inventory:

Hand Weapons
 b - a +1 vampiric short sword
 c - a +0 spear
 h - a +2 dagger of venom (weapon)
Missiles
 g - 20 poisoned darts (quivered)
Armour
 a - a +1 robe
 m - a +0 leather armour (worn)
Jewellery
 i - a ring of positive energy (left hand)
 l - an amulet of reflection (around neck)
Wands
 k - a wand of acid (12)
Scrolls
 d - a scroll of teleportation
 e - a scroll of immolation


   Skills:
 * Level 1.0 Fighting
 * Level 1.4(1.6) Short Blades
 * Level 0.9(1.2) Long Blades
 * Level 1.4 Polearms
 * Level 0.7 Throwing
 * Level 3.3 Dodging
 * Level 2.8 Stealth
 * Level 2.1 Spellcasting
 * Level 3.7 Conjurations
 * Level 0.1 Translocations


You couldn't memorise any spells.
You knew the following spells:

 Your Spells              Type           Power        Failure   Level
a - Magic Dart            Conj           56%          6%          1
b - Searing Ray           Conj           28%          9%          2
c - Iskenderun's Mystic   Conj/Tloc      8%           77%         4

Your spell library contained the following spells:

 Spells                   Type           Power        Failure   Level
 Dazzling Flash           Conj/Hex       16%          36%         3
 Fulminant Prism          Conj/Hex       4%           78%         4


Dungeon Overview and Level Annotations

Branches:
Dungeon (3/15)

Altars:
Qazlal


Message History

You block the jackal's attack. You block the frilled lizard's attack.
The kobold barely misses you.
The jackal bites you but does no damage.
You hit the kobold.
You kill the kobold!
Qazlal accepts your kill. The jackal bites you.
* * * LOW HITPOINT WARNING * * *
The jackal barely misses you. The frilled lizard barely misses you.
You block the jackal's attack.
Your surroundings suddenly seem different.
* * * LOW HITPOINT WARNING * * *
You feel sick. Qazlal accepts your kill.
You feel a bit more experienced.
There is a lethal amount of poison in your body!
There is a lethal amount of poison in your body!
* * * LOW HITPOINT WARNING * * *
You feel sick.
You die...

...# #........# ...# #........##
.÷.# ###############..÷.......
...# #..........##....###.....
...#### #....÷..)..##....# ######
#.....# #.....)....##....# #
#.....###..........##....########
'...................'............
#.....###.......@..##....#####..#
...#### ################## #[.#
##.# #..# ##.## ### #..# ##..###
##.## #..# ......# ##.#.## #...
###...# ##.#.#.## #... ≈.≈...#
##.#.#.#.## #.#. ^^#^.##
##.#.###.#.## #.#.


There were no monsters in sight!

Vanquished Creatures
  3 adders (D:2)
  2 dart slugs (D:1)
  4 leopard geckos
  7 bats
  2 giant cockroaches
  8 goblins
  6 hobgoblins
  6 jackals
  2 ball pythons (D:2)
  4 frilled lizards
  6 kobolds
  5 rats
55 creatures vanquished.

Notes
Turn   | Place    | Note
-------+----------+-------------------------------------------
     0 | D:1      | Mattiprrivan the Merfolk Conjurer began the quest for the
                  | Orb.
     0 | D:1      | Reached XP level 1. HP: 13/13 MP: 3/3
    11 | D:1      | Upgraded the game from 0.26.0-3-g156281e41b to
                  | 0.26.0-5-gb5863c6483
   429 | D:1      | Reached XP level 2. HP: 16/19 MP: 5/5
   442 | D:1      | Learned a level 2 spell: Searing Ray
   930 | D:1      | Reached XP level 3. HP: 25/25 MP: 0/6
  1376 | D:2      | Reached skill level 1 in Short Blades
  1647 | D:2      | Found a stormy altar of Qazlal.
  1655 | D:2      | Became a worshipper of Qazlal Stormbringer
  1701 | D:2      | Reached XP level 4. HP: 31/31 MP: 7/7
  1735 | D:2      | Reached skill level 1 in Polearms
  1740 | D:2      | Learned a level 4 spell: Iskenderun's Mystic Blast
  1937 | D:2      | Reached skill level 1 in Fighting
  2264 | D:2      | HP: 1/32 [poisoned by a kobold]
  2271 | D:2      | Succumbed to a kobold's poison

Illustrated notes

Levels and vault maps discovered:
D:1:      lightli_arrival_maybe_door_vault, layout_loops_ring
D:2:      minmay_inner_zag, layout_basic, grunt_qazlal_sundering,
          minmay_box_of_dots
D:3:      layout_basic, cheibriados_altar_1, chequers_ecumenical_altar_twisty,
          nemelex_diamond_rough_becter

Skill      XL: |  1  2  3  4 |
---------------+-------------+-----
Dodging        | 3 |  3.3
Short Blades   | 1 |  1.4
Polearms       | 1 |  1.4
Fighting       | 1 |  1.0
Long Blades    | |  0.9
Throwing       | |  0.7
Stealth        | |  2.8
Spellcasting   | |  2.1
Conjurations   | |  3.7
Translocations | |  0.1

Action                   |  1- 3 |  4- 6 || total
-------------------------+-------+-------++-------
Melee: Short sword       |    56 |       ||    56
       Dagger            |    25 |    44 ||    69
Throw: Dart              |     3 |     6 ||     9
 Cast: Magic Dart        |    28 |     9 ||    37
       Searing Ray       |       |     1 ||     1
  Use: Scroll            |     8 |     5 ||    13
       Potion            |     4 |     1 ||     5
 Stab: Sleeping          |     2 |     1 ||     3
Armor: Robe              |    20 |     4 ||    24
       Leather armour    |       |    15 ||    15
Dodge: Dodged            |    61 |    53 ||   114
Block: Other             |       |    11 ||    11
       Reflection        |       |     1 ||     1
